FSL
BRADENTON MARAUDERS @ JUPITER HAMMERHEADS
08/20/2099
 
TOP OF THE 1ST
Bradenton Marauders batting - Pitching for Jupiter Hammerheads : RHP Javier Sanchez
Pitching: RHP Javier Sanchez
Batting: RHB John Sexton 0-0: Ground out U3 (Groundball, 34, EV 86.9 MPH)
Batting: RHB Luis Pena 0-0: Ball
1-0: Swinging Strike
1-1: TRIPLE (Line Drive, 78XD, EV 102.5 MPH)
Batting: RHB Sean Malone 0-0: Ball
1-0: Ball
2-0: Called Strike
2-1: Foul Ball, location: 2F
2-2: Strikes out swinging
Batting: RHB Mike Sanderson 0-0: Swinging Strike
0-1: Called Strike
0-2: Ball
1-2: Foul Ball, location: 5F
1-2: Ball
2-2: Ball
3-2: Base on Balls
Batting: SHB Jimmy Lucas 0-0: Called Strike
0-1: Foul Ball, location: 2F
0-2: Strikes out looking
Top of the 1st over - 0 runs, 1 hit, 0 errors, 2 left on base; Bradenton 0 - Jupiter 0
BOTTOM OF THE 1ST
Jupiter Hammerheads batting - Pitching for Bradenton Marauders : RHP Bill Murray
Pitching: RHP Bill Murray
Batting: LHB David Sandoval 0-0: Ball
1-0: Ball
2-0: Ball
3-0: Base on Balls
Batting: RHB Steve Franek 0-0: Called Strike
0-1: Fly out, F4 (Line Drive, 4MD, EV 65.0 MPH)
Batting: LHB Kevin Ebling 0-0: Called Strike
0-1: Foul Ball, location: 23FF
0-2: Ground out 4-3 (Groundball, 34S, EV 80.0 MPH)
David Sandoval to second
Batting: RHB Butch Aleman 0-0: Ball
1-0: Foul Ball, location: 2F
1-1: Fly out, F9 (Flyball, 9LM, EV 93.8 MPH)
Bottom of the 1st over - 0 runs, 0 hits, 0 errors, 1 left on base; Bradenton 0 - Jupiter 0
TOP OF THE 2ND
Bradenton Marauders batting - Pitching for Jupiter Hammerheads : RHP Javier Sanchez
Batting: RHB Matt Stuart 0-0: Ball
1-0: Ball
2-0: Ball
3-0: Called Strike
3-1: Base on Balls
Batting: RHB Noel Jacobs 0-0: SINGLE (Groundball, 34D, EV 100.0 MPH)
Matt Stuart to second
Matt Stuart to third
Batting: LHB Tyler Kincaid 0-0: Ball
1-0: Foul Ball, location: 2F
1-1: Foul Ball, location: 2RF
1-2: Strikes out swinging
Batting: RHB Justin Anselmi 0-0: Called Strike
0-1: Swinging Strike
0-2: Ball
1-2: Foul Ball, location: 2RF
1-2: Ball
2-2: Foul Ball, location: 25F
2-2: Strikes out swinging
Batting: RHB John Sexton 0-0: Ball
1-0: Called Strike
1-1: Fielders Choice at 2nd, 6-4 (Groundball, 56, EV 90.6 MPH)
Top of the 2nd over - 0 runs, 1 hit, 0 errors, 2 left on base; Bradenton 0 - Jupiter 0
BOTTOM OF THE 2ND
Jupiter Hammerheads batting - Pitching for Bradenton Marauders : RHP Bill Murray
Batting: SHB Jeremy Maughan 0-0: Ball
1-0: Foul Ball, location: 7LDF
1-1: Ball
2-1: Fly out, F4 (Popup, 4, EV 65.6 MPH)
Batting: RHB Carlos Romero 0-0: Ball
1-0: Foul Ball, location: 2F
1-1: DOUBLE (Line Drive, 9LS, EV 106.9 MPH)
Batting: RHB Rico Gomez 0-0: Ball
1-0: Called Strike
1-1: Ball
2-1: Foul Ball, location: 23FF
2-2: Fly out, F8 (Line Drive, 8LM, EV 108.1 MPH)
Batting: RHB David Alejandra 0-0: Ball
1-0: Ball
2-0: Called Strike
2-1: Called Strike
2-2: Strikes out swinging
Bottom of the 2nd over - 0 runs, 1 hit, 0 errors, 1 left on base; Bradenton 0 - Jupiter 0
TOP OF THE 3RD
Bradenton Marauders batting - Pitching for Jupiter Hammerheads : RHP Javier Sanchez
Batting: RHB Luis Pena 0-0: Ball
1-0: Fly out, F7 (Flyball, 7D, EV 97.5 MPH)
Batting: RHB Sean Malone 0-0: Called Strike
0-1: Swinging Strike
0-2: Foul Ball, location: 9LDF
0-2: Ball
1-2: Ball
2-2: Ground out U3 (Groundball, 3S, EV 88.1 MPH)
Batting: RHB Mike Sanderson 0-0: Foul Ball, location: 2F
0-1: Ball
1-1: Ball
2-1: Fly out, F9 (Flyball, 9S, EV 70.6 MPH)
Top of the 3rd over - 0 runs, 0 hits, 0 errors, 0 left on base; Bradenton 0 - Jupiter 0
BOTTOM OF THE 3RD
Jupiter Hammerheads batting - Pitching for Bradenton Marauders : RHP Bill Murray
Batting: RHB Jarod Fisher 0-0: Swinging Strike
0-1: Called Strike
0-2: Strikes out swinging
Batting: LHB David Sandoval 0-0: Called Strike
0-1: Called Strike
0-2: Ball
1-2: Ball
2-2: Ball
3-2: Base on Balls
Batting: RHB Steve Franek 0-0: Fly out, F8 (Flyball, 78D, EV 76.9 MPH)
Batting: LHB Kevin Ebling 0-0: Ball
1-0: Foul Ball, location: 2F
1-1: Foul Ball, location: 2F
1-2: SINGLE (Groundball, 6MD, EV 94.4 MPH)
David Sandoval to second
Runner from 2nd tries for 3rd, SAFE, throw by CF made to third
Batting: RHB Butch Aleman 0-0: Ball
1-0: Ball
2-0: Ball
3-0: Called Strike
3-1: Base on Balls
Kevin Ebling to second
Batting: SHB Jeremy Maughan 0-0: Ball
1-0: Called Strike
1-1: Ball
2-1: Called Strike
2-2: Ball
3-2: Strikes out swinging
Bottom of the 3rd over - 0 runs, 1 hit, 0 errors, 3 left on base; Bradenton 0 - Jupiter 0
TOP OF THE 4TH
Bradenton Marauders batting - Pitching for Jupiter Hammerheads : RHP Javier Sanchez
Batting: SHB Jimmy Lucas 0-0: SINGLE (Line Drive, 78S, EV 68.8 MPH)
Batting: RHB Matt Stuart 0-0: Ball
1-0: Called Strike
1-1: Swinging Strike
1-2: Ball
2-2: Fielders Choice at 2nd, 6-4 (Groundball, 6, EV 97.5 MPH)
Batting: RHB Noel Jacobs 0-0: Ball
1-0: Ball
Matt Stuart steals 2nd base
2-0: Called Strike
2-1: Swinging Strike
2-2: DOUBLE (Flyball, 89D, EV 108.8 MPH)
Matt Stuart scores
Batting: LHB Tyler Kincaid 0-0: Foul Ball, location: 2F
0-1: Ball
1-1: Foul Ball, location: 2F
1-2: Fly out, F3 (Popup, 3SF, EV 74.4 MPH)
Batting: RHB Justin Anselmi 0-0: Called Strike
0-1: Ball
1-1: Hit by Pitch
Batting: RHB John Sexton 0-0: Ball
1-0: Ball
2-0: Ball
3-0: Called Strike
3-1: Base on Balls
Noel Jacobs to third
Justin Anselmi to second
Batting: RHB Luis Pena 0-0: Called Strike
0-1: Swinging Strike
0-2: Ball
1-2: Ground out 4-3 (Groundball, 4S, EV 85.0 MPH)
Top of the 4th over - 1 run, 2 hits, 0 errors, 3 left on base; Bradenton 1 - Jupiter 0
BOTTOM OF THE 4TH
Jupiter Hammerheads batting - Pitching for Bradenton Marauders : RHP Bill Murray
Batting: RHB Carlos Romero 0-0: Called Strike
0-1: Ball
1-1: Foul Ball, location: 2LF
1-2: Ball
2-2: Strikes out looking
Batting: RHB Rico Gomez 0-0: Called Strike
0-1: Swinging Strike
0-2: Strikes out swinging
Batting: RHB David Alejandra 0-0: Ground out 5-3 (Groundball, 5L, EV 80.0 MPH)
Bottom of the 4th over - 0 runs, 0 hits, 0 errors, 0 left on base; Bradenton 1 - Jupiter 0
TOP OF THE 5TH
Bradenton Marauders batting - Pitching for Jupiter Hammerheads : RHP Javier Sanchez
Batting: RHB Sean Malone 0-0: Ball
1-0: Called Strike
1-1: Foul Ball, location: 2F
1-2: SINGLE (Line Drive, 7S, EV 106.3 MPH)
Pitching: LHP Maximiliano Argote
Batting: RHB Mike Sanderson 0-0: Ball
1-0: Ball
2-0: Swinging Strike
2-1: Ball
3-1: Foul Ball, location: 23F
3-2: DOUBLE (Groundball, 3D, EV 103.1 MPH)
Sean Malone to third
Batting: SHB Jimmy Lucas 0-0: Called Strike
0-1: Ball
1-1: Ball
Wild Pitch!
Sean Malone scores
Mike Sanderson to third
2-1: Swinging Strike
2-2: Foul Ball, location: 2F
2-2: Fly out, F8 (Flyball, 89D, EV 103.8 MPH)
Runner from 3rd tags up, SCORES, throw by CF
Batting: RHB Matt Stuart 0-0: Fly out, F9 (Line Drive, 89M, EV 85.0 MPH)
Batting: RHB Noel Jacobs 0-0: Ball
1-0: Ball
2-0: Called Strike
2-1: Ground out 6-3 (Groundball, 6S, EV 63.8 MPH)
Top of the 5th over - 2 runs, 2 hits, 0 errors, 0 left on base; Bradenton 3 - Jupiter 0
BOTTOM OF THE 5TH
Jupiter Hammerheads batting - Pitching for Bradenton Marauders : RHP Bill Murray
Pitching: RHP Alfonso Lucero
Batting: RHB Jarod Fisher 0-0: Called Strike
0-1: Called Strike
0-2: SINGLE (Line Drive, 8RS, EV 90.6 MPH)
Batting: LHB David Sandoval 0-0: Ball
1-0: Ball
2-0: Ball
3-0: Base on Balls
Jarod Fisher to second
Batting: RHB Steve Franek 0-0: Ball
1-0: Called Strike
1-1: Called Strike
1-2: Strikes out swinging
Batting: LHB Kevin Ebling 0-0: Ball
1-0: Ball
2-0: Called Strike
2-1: Called Strike
2-2: Ball
3-2: Base on Balls
Jarod Fisher to third
David Sandoval to second
Pinch Hitting: LHB Malik Coleman 0-0: Called Strike
0-1: Ball
1-1: Ball
2-1: Grounds into fielders choice 4-2 (Groundball, 4S, EV 81.9 MPH)
David Sandoval to third
Kevin Ebling to second
Batting: SHB Jeremy Maughan 0-0: Called Strike
0-1: Ball
1-1: Ground out 4-3 (Groundball, 34, EV 87.5 MPH)
Bottom of the 5th over - 0 runs, 1 hit, 0 errors, 3 left on base; Bradenton 3 - Jupiter 0
TOP OF THE 6TH
Bradenton Marauders batting - Pitching for Jupiter Hammerheads : LHP Maximiliano Argote
Now in CF: Malik Coleman
Batting: LHB Tyler Kincaid 0-0: Called Strike
0-1: Swinging Strike
0-2: Ball
1-2: Ball
2-2: Foul Ball, location: 2F
2-2: Foul Ball, location: 5F
2-2: SINGLE (Groundball, 6MD, EV 94.4 MPH)
Batting: RHB Justin Anselmi 0-0: Ball
1-0: Ball
2-0: Fielders Choice at 2nd, 6-4 (Groundball, 6, EV 85.6 MPH)
Batting: RHB John Sexton 0-0: Ball
1-0: SINGLE (Groundball, 6, EV 95.6 MPH) (infield hit)
Justin Anselmi to second
Batting: RHB Luis Pena 0-0: Ball
1-0: Fly out, F9 (Flyball, 9S, EV 86.3 MPH)
Batting: RHB Sean Malone 0-0: Ball
1-0: Called Strike
1-1: Ball
2-1: Ball
3-1: Fly out, F9 (Flyball, 9, EV 83.1 MPH)
Top of the 6th over - 0 runs, 2 hits, 0 errors, 2 left on base; Bradenton 3 - Jupiter 0
BOTTOM OF THE 6TH
Jupiter Hammerheads batting - Pitching for Bradenton Marauders : RHP Alfonso Lucero
Now at C: Freddy Castellanos
Batting: RHB Carlos Romero 0-0: Ground out 6-3 (Groundball, 6, EV 88.8 MPH)
Batting: RHB Rico Gomez 0-0: Ball
1-0: Called Strike
1-1: Ball
2-1: Foul Ball, location: 5F
2-2: Strikes out swinging
Batting: RHB David Alejandra 0-0: Foul Ball, location: 9LDF
0-1: Ball
1-1: Called Strike
1-2: Ball
2-2: Ground out 4-3 (Groundball, 4, EV 85.6 MPH)
Bottom of the 6th over - 0 runs, 0 hits, 0 errors, 0 left on base; Bradenton 3 - Jupiter 0
TOP OF THE 7TH
Bradenton Marauders batting - Pitching for Jupiter Hammerheads : LHP Maximiliano Argote
Batting: RHB Mike Sanderson 0-0: Called Strike
0-1: Called Strike
0-2: SINGLE (Line Drive, 4D, EV 95.0 MPH)
Batting: SHB Jimmy Lucas 0-0: Grounds into double play, 6-4-3 (Groundball, 6, EV 102.5 MPH)
Batting: RHB Matt Stuart 0-0: Ball
1-0: Hit by Pitch
Pitching: RHP Tony Silva
Batting: RHB Noel Jacobs 0-0: Called Strike
0-1: Ball
1-1: Swinging Strike
1-2: Strikes out swinging
Top of the 7th over - 0 runs, 1 hit, 0 errors, 1 left on base; Bradenton 3 - Jupiter 0
BOTTOM OF THE 7TH
Jupiter Hammerheads batting - Pitching for Bradenton Marauders : RHP Alfonso Lucero
Pitching: RHP Armando Morales
Batting: RHB Jarod Fisher 0-0: Ball
1-0: Ball
2-0: Ball
3-0: Base on Balls
Batting: LHB David Sandoval 0-0: Ball
1-0: Called Strike
1-1: Ball
2-1: Foul Ball, location: 2RF
2-2: Ball
3-2: SINGLE (Line Drive, 7LS, EV 100.6 MPH)
Jarod Fisher to second
Batting: RHB Steve Franek 0-0: Foul Ball, location: 5F
0-1: Ball
1-1: Fielders Choice at 2nd, 3-6 (Groundball, 34S, EV 79.4 MPH)
Jarod Fisher to third
Batting: LHB Kevin Ebling 0-0: Ball
1-0: Foul Ball, location: 9LMF
1-1: SINGLE (Groundball, 4M, EV 76.9 MPH)
Jarod Fisher scores
Steve Franek to second
Batting: LHB Malik Coleman 0-0: Ball
1-0: Called Strike
1-1: Ball
2-1: Swinging Strike
2-2: DOUBLE (Line Drive, 9LM, EV 109.4 MPH)
Steve Franek scores
Kevin Ebling to third
Batting: SHB Jeremy Maughan 0-0: Ball
1-0: Foul Ball, location: 2F
1-1: Swinging Strike
1-2: Ball
2-2: Strikes out swinging
Pinch Hitting: LHB Izzy Montes 0-0: Ball
1-0: Called Strike
1-1: Swinging Strike
1-2: SINGLE (Groundball, 4MD, EV 105.0 MPH)
Kevin Ebling scores
Malik Coleman to third
Runner from 3rd tries for Home, SAFE, throw by CF to home
Pitching: RHP Alexis Pena
Batting: RHB Rico Gomez 0-0: Ball
1-0: Foul Ball, location: 2F
1-1: Ball
2-1: Called Strike
2-2: Foul Ball, location: 9LSF
2-2: Foul Ball, location: 25F
2-2: SINGLE (Flyball, 8LS, EV 100.0 MPH)
Izzy Montes to second
Runner from 2nd tries for 3rd, SAFE, no throw by CF
Batting: RHB David Alejandra 0-0: Ball
1-0: Ground out 1-3 (Groundball, 13S, EV 65.6 MPH)
Bottom of the 7th over - 4 runs, 5 hits, 0 errors, 2 left on base; Bradenton 3 - Jupiter 4
TOP OF THE 8TH
Bradenton Marauders batting - Pitching for Jupiter Hammerheads : RHP Tony Silva
Pitching: RHP Roberto Cabrera
Now at 1B: Jason Milano
Batting: RHB Freddy Castellanos 0-0: Ball
1-0: Foul Ball, location: 2LF
1-1: Ball
2-1: Ball
3-1: Foul Ball, location: 5F
3-2: Foul Ball, location: 2F
3-2: SOLO HOME RUN (Flyball, 7D, EV 105.6 MPH), Distance : 384 ft
Pinch Hitting: RHB Alejandro Fernandez 0-0: Ball
1-0: Foul Ball, location: 2F
1-1: Ball
2-1: Called Strike
2-2: Strikes out swinging
Batting: RHB John Sexton 0-0: Called Strike
0-1: Called Strike
0-2: Ball
1-2: Strikes out swinging
Batting: RHB Luis Pena 0-0: Called Strike
0-1: Swinging Strike
0-2: Foul Ball, location: 9LMFF
0-2: Strikes out swinging
Top of the 8th over - 1 run, 1 hit, 0 errors, 0 left on base; Bradenton 4 - Jupiter 4
BOTTOM OF THE 8TH
Jupiter Hammerheads batting - Pitching for Bradenton Marauders : RHP Alexis Pena
Pitching: RHP Elias Pastrana
Now in CF: Jim Arnold
Batting: RHB Jarod Fisher 0-0: Called Strike
0-1: SINGLE (Flyball, 4D, EV 88.8 MPH)
Batting: LHB David Sandoval 0-0: Ball
1-0: Ball
2-0: Foul Ball, location: 25FF
2-1: Ball
3-1: Fly out, F8 (Flyball, 8RM, EV 77.5 MPH)
Batting: RHB Steve Franek 0-0: Ball
1-0: Swinging Strike
1-1: Ball
2-1: Ball
3-1: Foul Ball, location: 2F
3-2: Base on Balls
Jarod Fisher to second
Batting: LHB Kevin Ebling 0-0: Ball
1-0: Foul Ball, location: 7LMF
1-1: Grounds into double play, 4-6-3 (Groundball, 4, EV 80.6 MPH)
Bottom of the 8th over - 0 runs, 1 hit, 0 errors, 1 left on base; Bradenton 4 - Jupiter 4
TOP OF THE 9TH
Bradenton Marauders batting - Pitching for Jupiter Hammerheads : RHP Roberto Cabrera
Batting: RHB Sean Malone 0-0: Ball
1-0: Called Strike
1-1: Ground out 6-3 (Groundball, 6, EV 104.4 MPH)
Batting: RHB Mike Sanderson 0-0: Ball
1-0: Ball
2-0: Ball
3-0: Base on Balls
Batting: SHB Jimmy Lucas 0-0: Ball
1-0: Ball
2-0: Fly out, F7 (Flyball, 7S, EV 87.5 MPH)
Batting: RHB Matt Stuart 0-0: Foul Ball, location: 2F
0-1: Ball
1-1: SINGLE (Line Drive, 7S, EV 105.0 MPH)
Mike Sanderson to second
Batting: RHB Noel Jacobs 0-0: Ball
1-0: Foul Ball, location: 9LDF
1-1: Ball
2-1: Fly out, F9 (Flyball, 9D, EV 106.9 MPH)
Top of the 9th over - 0 runs, 1 hit, 0 errors, 2 left on base; Bradenton 4 - Jupiter 4
BOTTOM OF THE 9TH
Jupiter Hammerheads batting - Pitching for Bradenton Marauders : RHP Elias Pastrana
Batting: LHB Malik Coleman 0-0: Ball
1-0: Ball
2-0: Ball
3-0: Called Strike
3-1: Foul Ball, location: 2F
3-2: Strikes out swinging
Batting: SHB Jeremy Maughan 0-0: Ball
1-0: Ball
2-0: Hit by Pitch
Batting: RHB Jason Milano 0-0: Swinging Strike
0-1: Foul Ball, location: 2F
0-2: Ball
1-2: SINGLE (Groundball, 4MD, EV 99.4 MPH)
Jeremy Maughan to second
Pinch Runner at 2nd Rodolfo Mirrado:
Pinch Hitting: RHB Steve Roose 0-0: Ball
1-0: Called Strike
1-1: Foul Ball, location: 2F
1-2: Foul Ball, location: 9LDF
1-2: Fielders Choice at 2nd, 6-4 (Groundball, 6, EV 84.4 MPH)
Rodolfo Mirrado to third
Batting: RHB David Alejandra 0-0: Ball
1-0: Ball
2-0: Ball
3-0: Called Strike
3-1: Base on Balls
Steve Roose to second
Batting: RHB Jarod Fisher 0-0: Fly out, F9 (Flyball, 9, EV 96.9 MPH)
Bottom of the 9th over - 0 runs, 1 hit, 0 errors, 3 left on base; Bradenton 4 - Jupiter 4
TOP OF THE 10TH
Bradenton Marauders batting - Pitching for Jupiter Hammerheads : RHP Roberto Cabrera
Noel Jacobs starts the inning at 2nd base.
Pitching: LHP Danilo Aquino
Now at 2B: Kevin Lyle
Now at 3B: Steve Roose
Batting: RHB Freddy Castellanos 0-0: Ball
1-0: Bunted foul
1-1: Bunt missed!
1-2: Ball
2-2: Fly out, F2 (Popup, 23F, EV 46.3 MPH)
Batting: RHB Jim Arnold 0-0: SINGLE (Groundball, 6MD, EV 101.3 MPH)
Noel Jacobs to third
Runner from 3rd tries for Home, SAFE, throw by CF to home
Batting: RHB John Sexton 0-0: Ball
1-0: Ball
2-0: Ball
3-0: Called Strike
3-1: Base on Balls
Jim Arnold to second
Batting: RHB Luis Pena 0-0: Foul Ball, location: 9LDF
0-1: Called Strike
0-2: Foul Ball, location: 2F
0-2: Ball
1-2: Ball
2-2: Strikes out swinging
Batting: RHB Sean Malone 0-0: Called Strike
0-1: Foul Ball, location: 3SF
0-2: Foul Ball, location: 2F
0-2: Foul Ball, location: 2F
0-2: Ball
1-2: SINGLE (Line Drive, 9LS, EV 98.1 MPH)
Jim Arnold to third
John Sexton to second
Runner from 3rd tries for Home, SAFE, throw by RF to home
Batting: RHB Mike Sanderson 0-0: Called Strike
0-1: Foul Ball, location: 25F
0-2: Ground out U3 (Groundball, 34S, EV 85.6 MPH)
Top of the 10th over - 2 runs, 2 hits, 0 errors, 2 left on base; Bradenton 6 - Jupiter 4
BOTTOM OF THE 10TH
Jupiter Hammerheads batting - Pitching for Bradenton Marauders : RHP Elias Pastrana
Jarod Fisher starts the inning at 2nd base.
Pitching: LHP Eduardo Nieves
Batting: LHB David Sandoval 0-0: Foul Ball, location: 25FF
0-1: Foul Ball, location: 7LDF
0-2: Ball
1-2: Foul Ball, location: 25FF
1-2: Foul Ball, location: 2F
1-2: Foul Ball, location: 2F
1-2: Strikes out looking
Batting: RHB Steve Franek 0-0: Ball
1-0: Called Strike
1-1: Called Strike
1-2: Ball
2-2: Ground out 1-3 (Groundball, 15S, EV 69.4 MPH)
Batting: LHB Kevin Ebling 0-0: Ball
1-0: Ball
2-0: Ball
3-0: Base on Balls
Batting: LHB Malik Coleman 0-0: Called Strike
0-1: Ground out 5-3 (Groundball, 56, EV 88.8 MPH)
Bottom of the 10th over - 0 runs, 0 hits, 0 errors, 2 left on base; Bradenton 6 - Jupiter 4
Sunday, May 12th , 2024 - OOTP Baseball 24.11 Build 85